 Dungeon Crawl Stone Soup version 0.32-a0-791-gfc315c9ecd (webtiles) character file.

Game seed: 9643681586973805273

2190 ezpacito the Trooper (level 9, -2/73 (75) HPs)
             Began as a Coglin Chaos Knight on Mar 20, 2024.
             Was a Plaything of Xom.
             Slain by an ogre
             ... wielding a +0 giant club
              (31 damage)
             ... on level 6 of the Dungeon.
             The game lasted 00:07:09 (5793 turns).

ezpacito the Trooper (Coglin Chaos Knight)          Turns: 5793, Time: 00:07:10

HP:   -2/73 (75)    AC:  9    Str: 16    XL:     9   Next: 33%
MP:   12/12         EV: 10    Int: 16    God:    Xom [.....*]
Gold: 356           SH:  0    Dex: 12    Spells: 5/12 levels left

rFire   + . .        a - +0 hand axe (chaos) {Deepnoor}
rCold   . . .        b - +1 trident (venom) {Belessunu}
rNeg    . . .        n - +0 scale mail {rF+}
rPois   .            (no helmet)
rElec   .            A - +0 cloak
rCorr   .            (no gloves)
SInv    .            o - +0 pair of boots
Will    .....        (amulet unavailable)
Stlth   +            (ring unavailable)
HPRegen 0.32/turn    (ring unavailable)
MPRegen 0.13/turn    (no gizmo)

%: no passive effects
@: lightly drained, revved
A: off-hand wielding, slow wielding, warmup strikes, no jewellery, clever 1,
robust 1, wild magic 1
a: Invent Gizmo, Renounce Religion


You were on level 6 of the Dungeon.
You worshipped Xom.
You were Xom's teddy bear.
You visited 2 branches of the dungeon, and saw 7 of its levels.
You also visited: Sewer.

You collected 356 gold pieces.

Inventory:

Hand Weapons
 a - a +0 hand axe of chaos (weapon) {Deepnoor}
 b - a +1 trident of venom (offhand) {Belessunu}
 j - a +2 scythe of flaming
Missiles
 u - 12 poisoned darts (quivered)
Armour
 n - a +0 scale mail of fire resistance (worn)
 o - a +0 pair of boots (worn)
 A - a +0 cloak (worn)
Wands
 m - a wand of flame (14)
 t - a wand of warping (6)
 y - a wand of mindburst (13)
Scrolls
 f - 3 scrolls of noise
 g - a scroll of immolation
 h - a scroll of torment {unknown}
 i - a scroll of identify
 l - 2 scrolls of blinking {unknown}
 q - a scroll of revelation {unknown}
 r - 2 scrolls of fear {unknown}
 v - 2 scrolls of enchant weapon {unknown}
 w - 6 scrolls of teleportation {unknown}
 x - a scroll of fog {unknown}
 z - a scroll of amnesia {unknown}
 B - a scroll of silence {unknown}
Potions
 c - a potion of cancellation {unknown}
 d - a potion of attraction {unknown}
 e - 3 potions of brilliance
 k - 4 potions of enlightenment
 p - a potion of lignification
 s - a potion of might {unknown}
 C - a potion of berserk rage {unknown}


   Skills:
 * Level 5.7 Fighting
 + Level 1.5 Short Blades
 * Level 5.6(6.0) Axes
 + Level 2.8(4.3) Polearms
 * Level 4.6 Armour
 * Level 4.3 Dodging
 + Level 2.5 Stealth
 + Level 2.2 Spellcasting
 + Level 1.3 Necromancy
 + Level 2.6 Alchemy
 + Level 3.3 Evocations


You had 5 spell levels left.
You knew the following spells:

 Your Spells              Type           Power      Damage    Failure   Level
a - Cigotuvi's Dreadful   Necr/Alch/Air  14%        N/A       61%         2
b - Irradiate             Conj/Alch      3%         3d12      100%        5

Your spell library contained the following spells:

 Spells                   Type           Power      Damage    Failure   Level
 Inner Flame              Hex/Fire       2%         N/A       94%         3
 Airstrike                Air            1%         2d(1-17)  100%        4
 Ignition                 Fire           1%         3d3       100%        8


Dungeon Overview and Level Annotations

Branches:
Dungeon (6/15)             Temple (1/1) D:5           Sewer (visited)

Altars:
Ashenzari
Cheibriados
Dithmenos
Elyvilon
Fedhas
Gozag
Hepliaklqana
Makhleb
Nemelex Xobeh
Okawaru
Sif Muna
Trog
Uskayaw
Vehumet
Wu Jian
Xom
Yredelemnul
Zin
The Shining One

Shops:
D:5 (


Innate Abilities, Weirdness & Mutations

You can wield a second weapon in your off-hand.
It takes a long time for you to wield or remove held weapons.
Your first few attacks do less damage.
You cannot equip rings or amulets.
Your mind is acute. (Int +4, Str/Dex -1)
You are robust. (+10% HP)
Your spells are a little harder to cast, but a little more powerful.


Message History

Things that are here:
a +0 short sword; a +0 robe
Things that are here:
a +0 great sword; a +0 robe HP restored.
Items here: )) รทรท.
There is an open door here.
An ogre comes into view. It is wielding a +0 giant club.
The ogre moves out of view.
Health restored: 73 You barely miss the ogre with your +0 hand axe of chaos.
You hit the ogre with your +1 trident of venom.
The ogre closely misses you.
You hit the ogre with your +1 trident of venom.
The ogre is poisoned.
The ogre is moderately wounded.
You barely miss the ogre with your +0 hand axe of chaos.
The ogre hits you with a +0 giant club!!
You take 19 damage, and have 54/73 hp.
MASSIVE DAMAGE!!
You barely miss the ogre with your +0 hand axe of chaos.
The ogre is moderately wounded.
You hit the ogre with your +1 trident of venom.
You slash the ogre with your +0 hand axe of chaos!
The ogre flies into a frenzy!
The ogre is heavily wounded.
You hit the ogre with your +1 trident of venom.
The ogre looks as sick as possible!
The ogre hits you with a +0 giant club!!
You take 26 damage, and have 29/73 hp.
MASSIVE DAMAGE!!
You are too injured to fight recklessly!
You are too injured to fight recklessly!
You are too injured to fight recklessly!
You are too injured to fight recklessly!
You are too injured to fight recklessly!
An ogre is nearby!
You barely miss the ogre with your +1 trident of venom.
The ogre is severely wounded.
You hit the ogre but do no damage.
The ogre hits you with a +0 giant club!!
You die...

........# ...[....# #.....# ###
........##### #.....# #..
#)...#......# #.....# #.#
#.)).#......# #.....# #.#
#.)..#......# #.....# #.#
'.)).#......# #.....# #.#
#....#......# #O....# #.#
#....#......####@....##########.#
............'................>#.#
##..........################..#.#
#..........# ###.......#...#.#
##....####### #................
......# #.#.#####..###### ###...#
########.#....##.......# #...#
#........####.##.#####.# #######
#...........#.......# #


You could see a neutral ogre (fast, strong, frenzied, extremely poisoned).

Vanquished Creatures
  Sigmund (D:2)
  Eustachio (D:6)
  2 black bears
  An ogre (D:5)
  A gnoll sergeant (D:6)
  A brain worm (Sewer)
  4 scorpions
  5 wights (D:6)
  2 howler monkeys
  A bombardier beetle (D:5)
  2 jellies
  6 hounds
  2 orc priests
  2 sleepcaps (D:5)
  Terence (D:2)
  2 iguanas (D:6)
  2 orc wizards
  11 gnolls
  15 adders
  A river rat (Sewer)
  A white imp (D:6)
  An ufetubus (D:6)
  A ribbon worm (D:2)
  4 dart slugs
  16 orcs
  13 ball pythons
  6 endoplasms
  6 giant cockroaches
  6 hobgoblins
  8 jackals
  7 quokkas
  13 bats
  7 frilled lizards
  6 goblins
  6 kobolds
  4 rats
168 creatures vanquished.

Vanquished Creatures (others)
  An orc (D:5)
1 creature vanquished.

Grand Total: 169 creatures vanquished

Notes
Turn   | Place    | Note
-------+----------+-------------------------------------------
     0 | D:1      | ezpacito the Coglin Chaos Knight began the quest for the
                  | Orb.
     0 | D:1      | Reached XP level 1. HP: 18/18 MP: 1/1
   140 | D:1      | Got the Book of Fumes
   164 | D:1      | Reached skill level 1 in Dodging
   218 | D:1      | Reached XP level 2. HP: 23/24 MP: 2/2
   281 | D:1      | XOM: silly message
   284 | D:1      | XOM: divination: detect items
   452 | D:1      | Reached XP level 3. HP: 24/29 MP: 3/3
   711 | D:2      | Noticed Sigmund
   722 | D:2      | Killed Sigmund
   723 | D:2      | Reached skill level 1 in Polearms
   723 | D:2      | Reached skill level 1 in Stealth
   723 | D:2      | Reached XP level 4. HP: 18/37 MP: 3/5
   723 | D:2      | Reached XP level 5. HP: 20/42 MP: 3/6
   884 | D:2      | Learned a level 2 spell: Cigotuvi's Dreadful Rot
   919 | D:2      | Reached XP level 6. HP: 44/48 MP: 7/7
  1011 | D:2      | Noticed Terence
  1015 | D:2      | Killed Terence
  1016 | D:2      | Reached skill level 1 in Spellcasting
  1121 | D:2      | Found a faded altar of an unknown god.
  1198 | D:2      | XOM: silly message
  1464 | D:2      | XOM: noise
  1468 | D:2      | XOM: silly message
  1744 | D:3      | Found a bloodstained altar of Trog.
  2279 | D:4      | XOM: stealth player
  2305 | D:4      | Found a burning altar of Makhleb.
  2348 | D:4      | Reached skill level 1 in Evocations
  2348 | D:4      | Reached XP level 7. HP: 54/54 MP: 8/8
  2419 | D:4      | XOM: noise
  2455 | D:4      | Found an ornate altar of the Wu Jian Council.
  2505 | D:4      | XOM: 3-stop teleportation journey
  2517 | D:4      | XOM: summons 2 friendly demons
  2524 | D:4      | Reached skill level 1 in Alchemy
  3165 | D:5      | Entered Level 5 of the Dungeon
  3165 | D:5      | Found a staircase to the Ecumenical Temple.
  3223 | D:5      | Reached XP level 8. HP: 51/61 MP: 10/10
  3236 | Temple   | XOM: stealth player
  3236 | Temple   | Entered the Ecumenical Temple
  3517 | D:5      | XOM: god gift: club {god gift}
  3567 | D:5      | Found Imaokyse's Weapon Shoppe.
  3582 | D:5      | Identified the amulet of Koeconui {Spirit rElec Str+3
                  | Dex-3} (Xom gifted it to you on level 5 of the Dungeon)
  3582 | D:5      | XOM: god gift: amulet of Koeconui {Spirit rElec Str+3
                  | Dex-3}
  3685 | D:5      | XOM: divination: detect items
  3708 | D:5      | Reached skill level 5 in Fighting
  3763 | D:5      | Found a glowing silver altar of Zin.
  3763 | D:5      | XOM: 4-stop teleportation journey
  3813 | D:5      | Reached skill level 5 in Axes
  3839 | D:5      | XOM: give mutations
  3839 | D:5      | Gained mutation: Your spells are a little harder to cast,
                  | but a little more powerful. [Xom's grace]
  3839 | D:5      | Gained mutation: You are robust. (+10% HP) [Xom's grace]
  3839 | D:5      | Gained mutation: Your mind is acute. (Int +4, Str/Dex -1)
                  | [Xom's grace]
  4062 | D:5      | Learned a level 5 spell: Irradiate
  4089 | D:6      | Found a glowing drain.
  4108 | Sewer    | Entered a sewer
  4730 | D:6      | XOM: divination: detect items
  4909 | D:6      | XOM: enchant monster (good)
  4910 | D:6      | XOM: 3-stop teleportation journey
  4913 | D:6      | XOM: fog
  4928 | D:6      | Reached skill level 1 in Short Blades
  5095 | D:6      | Noticed Eustachio
  5109 | D:6      | XOM: enchant monster (good)
  5110 | D:6      | XOM: polymorph river rat -> bombardier beetle
  5118 | D:6      | Killed Eustachio
  5119 | D:6      | Reached skill level 1 in Necromancy
  5119 | D:6      | Reached XP level 9. HP: 56/74 MP: 12/12
  5224 | D:6      | XOM: fog
  5336 | D:6      | XOM: god gift: dagger {god gift}
  5407 | D:6      | XOM: fog
  5793 | D:6      | Slain by an ogre

Illustrated notes

Levels and vault maps discovered:
D:1:      wander_arrival_estate, layout_loops_ring, serial_glass,
          glass_columns_b, glass_columns_a, due_unseen_surprise
D:2:      layout_loops_ring, basic_ecumenical_altar, uniq_terence, uniq_sigmund
D:3:      layout_basic, trog_three_pillars_becter
D:4:      layout_loops_ring, kennysheep_mini_moat, lemuel_doored_altar,
          kennysheep_diamond
D:5:      layout_basic, mainiacjoe_overflow_paths, minmay_temple_entry_glass,
          serial_shops, nicolae_shop_tiny_statue_garden,
          kennysheep_generic_room_9
D:6:      layout_basic, portal_sewer_entry_d, kennysheep_generic_room_7,
          uniq_eustachio
Temple:   minmay_freezing_vapour_temple

Skill      XL: |  1  2  3  4  5  6  7  8  9 |
---------------+----------------------------+-----
Dodging        | 1 2 3 4 |  4.3
Armour         | 2 3 4 |  4.6
Polearms       | 1 2 |  2.8
Stealth        | 1 2 |  2.5
Spellcasting   | 1 2 |  2.2
Fighting       | 4 5 |  5.7
Axes           | 4 5 |  5.6
Evocations     | 1 2 3 |  3.3
Alchemy        | 1 2 |  2.6
Short Blades   | 1 |  1.5
Necromancy     | 1 |  1.3

Action                     |  1- 3 |  4- 6 |  7- 9 || total
---------------------------+-------+-------+-------++-------
  Melee: Hand axe          |    50 |   110 |   293 ||   453
         Dagger            |    19 |       |       ||    19
         Short sword       |    26 |   100 |   127 ||   253
         Trident           |       |       |   194 ||   194
  Throw: Dart              |       |       |     1 ||     1
  Evoke: Wand              |       |       |     3 ||     3
    Use: Potion            |     2 |       |     7 ||     9
         Scroll            |       |       |     4 ||     4
   Stab: Sleeping          |     1 |       |       ||     1
         Confused          |     1 |       |     4 ||     5
         Invisible         |       |       |     9 ||     9
 Armour: Leather armour    |    34 |    16 |       ||    50
         Scale mail        |       |    60 |   285 ||   345
         Skin              |       |       |    16 ||    16
  Dodge: Dodged            |    27 |    54 |   166 ||   247

Table legend: (Time is in decaauts)
 A = Elapsed time spent in this place.
 B = Non-inter-level travel time spent in this place.
 C = Inter-level travel time spent in this place.
 D = Time resting spent in this place.
 E = Time spent auto-exploring this place.
 F = Levels seen in this place.
 G = Mean time per level.
                   A        B        C        D        E       F      G
               +--------+--------+--------+--------+--------+-----+--------+
         Total |   6010 |   5856 |    154 |    127 |   4568 |   8 |  751.2 |
       Dungeon |   5162 |   5008 |    154 |     26 |   3969 |   6 |  860.3 |
        Temple |    103 |    103 |      0 |    101 |      0 |   1 |  103.0 |
         Sewer |    744 |    744 |      0 |      0 |    599 |   1 |  744.0 |
               +--------+--------+--------+--------+--------+-----+--------+

Top non-repeatable levels by time:
     D:6: 1173 daAuts
     D:2: 913 daAuts
     D:4: 888 daAuts
     D:5: 812 daAuts
   Sewer: 744 daAuts
     D:3: 716 daAuts
     D:1: 657 daAuts
  Temple: 103 daAuts
